 Dungeon Crawl Stone Soup version 0.29.0-4-gdea44cf6ec (webtiles) character file.

Game seed: 3908630922778803249

28 qw the Chopper (level 3, -1/21 HPs)
             Began as a Tengu Warper on Aug 28, 2022.
             Succumbed to a goblin's poison
             ... on level 2 of the Dungeon.
             The game lasted 00:00:05 (1030 turns).

qw the Chopper (Tengu Warper)                       Turns: 1030, Time: 00:00:06

Health: -1/21      AC: 11    Str: 11 (13) XL:     3   Next: 14%
Magic:  7/7        EV:  2    Int: 10 (13) God:
Gold:   56         SH:  0    Dex: 12 (13) Spells: 6/6 levels left

rFire   . . .      SeeInvis .   Y - +0 hand axe
rCold   . . .      Faith    .   (no shield)
rNeg    . . .      Spirit   .   i - +0 plate armour
rPois   .          Reflect  .   (helmet restricted)
rElec   .          Harm     .   f - +0 cloak
rCorr   .          Rampage  .   (no gloves)
Will    .....                   (boots unavailable)
Stlth   ..........              (no amulet)
HPRegen 0.07/turn               (no ring)
MPRegen 0.10/turn               (no ring)

@: lethally poisoned (-1 -> -13)
A: beak, talons 3
a: no special abilities


You were on level 2 of the Dungeon.
You visited 1 branch of the dungeon, and saw 2 of its levels.

You collected 56 gold pieces.


Innate Abilities, Weirdness & Mutations

You have a beak for a mouth.
You have claws for feet.


   Skills:
 - Level 2.0 Fighting
 + Level 3.9 Axes
 - Level 1.0 Throwing
 - Level 1.1 Armour
 - Level 2.1 Dodging
 - Level 2.0 Spellcasting
 - Level 2.4 Translocations


You had 6 spell levels left.
You didn't know any spells.
Your spell library contained the following spells:

 Spells                   Type           Power      Damage    Failure   Level
 Blink                    Tloc           10%        N/A       100%        2
 Gell's Gravitas          Tloc           5%         N/A       100%        3
 Lesser Beckoning         Tloc           5%         N/A       100%        3
 Teleport Other           Tloc           5%         N/A       100%        3
 Manifold Assault         Tloc           5%         N/A       100%        5

Inventory:

Hand Weapons
 h - a +0 whip
 Y - a +0 hand axe (weapon)
Armour
 f - a +0 cloak (worn)
 i - a +0 plate armour (worn)
Jewellery
 a - a +6 ring of intelligence
Potions
 b - a potion of curing {unknown}

Dungeon Overview and Level Annotations

Branches:
Dungeon (2/15)

Altars:

Annotations:
D:2 Robin


Message History

You closely miss the goblin.
The goblin shouts!
You claw the goblin.
You kill the goblin!
You hit the goblin.
You kill the goblin!
You barely miss the goblin. You hit the goblin.
You kill the goblin!
You miss the goblin.
You feel very sick.
The goblin hits you with a +2 dagger of venom.
You are lethally poisoned!
The goblin hits you but does no damage. Robin throws the goblin at you!
You have reached level 3!
Your experience leads to an increase in your attributes!
Your base attributes are Str 11, Int 13, Dex 13.
Increase (S)trength, (I)ntelligence, or (D)exterity?
You feel stronger. x2
You hit the goblin but do no damage. Your peck misses the goblin.
You barely miss the goblin. You hit the goblin.
You feel very sick. The goblin hits you but does no damage.
The goblin completely misses you.
A goblin comes into view. It is wielding a +0 dagger.
A goblin comes into view. It is wielding a +0 club.
The goblin hits you but does no damage.
You closely miss the goblin.
The goblin shouts!
You claw the goblin.
You kill the goblin!
You closely miss the hobgoblin. You closely miss the rat. You hit the goblin.
You kill the goblin!
You barely miss the goblin.
You feel very sick. The goblin hits you but does no damage.
The rat bites you but does no damage. The hobgoblin hits you.
You barely miss the goblin. You peck the goblin.
The goblin is heavily wounded.
You hit the hobgoblin. You hit the rat.
You kill the rat!
You die...

####### ###....
##.....##.>..gg.
##............$..
#............gg..
#................
#:.<)..........!.
#.......g)gS.....
#.......)@)......
#.......).)$.....
##..............#
##....(##.....##
#####.# ...###
..# ##.# >### .#
#. .. # #


You could see Robin, an adder, 2 hobgoblins and 3 goblins.

Vanquished Creatures
  An endoplasm (D:1)
  10 goblins
  A hobgoblin (D:1)
  A quokka (D:1)
  5 ball pythons
  2 bats (D:1)
  3 frilled lizards (D:1)
  2 kobolds
  2 rats
27 creatures vanquished.

Notes
Turn   | Place    | Note
-------+----------+-------------------------------------------
     0 | D:1      | qw the Tengu Warper began the quest for the Orb.
     0 | D:1      | Reached XP level 1. HP: 12/12 MP: 4/4
     0 | D:1      | 0 ||| qw: Version: 0.1-a-89-g26bdef1
     0 | D:1      | 0 ||| qw: Game counter: 1720
     0 | D:1      | 0 ||| qw: Always use a shield: true
     0 | D:1      | 0 ||| qw: God list: Okawaru
     0 | D:1      | 0 ||| qw: Allow faded altars: false
     0 | D:1      | 0 ||| qw: Do Orc after D:15 true
     0 | D:1      | 0 ||| qw: Do second Lair branch before Depths: true
     0 | D:1      | 0 ||| qw: Lair rune preference: random
     0 | D:1      | 0 ||| qw: Plans: Normal
     0 | D:1      | 0 ||| PLANNING D:1-11
   275 | D:1      | Found a faded altar of an unknown god.
   383 | D:1      | Reached XP level 2. HP: 16/17 MP: 6/6
   451 | D:1      | Reached skill level 3 in Axes
   954 | D:1      | 954 ||| UPGRADING to +0 cloak.
   959 | D:1      | 959 ||| UPGRADING to +0 chain mail.
   969 | D:1      | 969 ||| DROPPING +0 leather armour.
   970 | D:1      | 970 ||| UPGRADING to +0 plate armour.
   980 | D:1      | 980 ||| DROPPING +0 chain mail.
   981 | D:1      | 981 ||| READING scroll labelled GIJEJY FULEA.
   982 | D:1      | 982 ||| DRINKING 2 clear potions.
   983 | D:1      | 983 ||| DROPPING scroll of blinking.
   984 | D:1      | 984 ||| DROPPING potion of degeneration.
  1022 | D:2      | Noticed Robin
  1028 | D:2      | Reached XP level 3. HP: 12/21 MP: 7/7
  1029 | D:2      | HP: 5/21 [poisoned by a goblin]
  1029 | D:2      | HP: 2/21 [hobgoblin[Robin] (3)]
  1030 | D:2      | Succumbed to a goblin's poison

Levels and vault maps discovered:
D:1:      minmay_arrival_stone_box, layout_loops_ring,
          chequers_ecumenical_altar_island, minmay_splitting_lines
D:2:      layout_rooms, uniq_robin

Skill      XL: |  1  2 |
---------------+-------+-----
Axes           | 3 |  3.9
Fighting       | |  2.0
Throwing       | |  1.0
Armour         | |  1.1
Dodging        | |  2.1
Spellcasting   | |  2.0
Translocations | |  2.4

Action                   || total
-------------------------++-------
Melee: Hand axe          ||    49
       Kick              ||    12
       Peck              ||     7
Throw: Boomerang         ||     7
  Use: Scroll            ||     1
       Potion            ||     1
Armor: Leather armour    ||     5
       Plate armour      ||    26
Dodge: Dodged            ||    23

Table legend:
 A = Non-vault XP
 B = Vault XP
 C = Vault XP percentage of total XP
 D = Non-vault monster count
 E = Vault monster count
 F = Vault count percentage of total count
                 A         B        C        D         E       F
            +---------+---------+-------+---------+---------+-------
      Total |      28 |      14 |  33.3 |      20 |       7 |  25.9
            +---------+---------+-------+---------+---------+-------
        D:1 |      24 |       0 |   0.0 |      17 |       0 |   0.0
        D:2 |       4 |      14 |  77.8 |       3 |       7 |  70.0
            +---------+---------+-------+---------+---------+-------
